 Dungeon Crawl Stone Soup version 0.26-a0-54-g15ccc7ae60 (webtiles) character file.

Game seed: 13122545916852185723

217 Ozzies the Skirmisher (level 5, 0/35 HPs)
             Began as a Gargoyle Fighter on June 7, 2020.
             Was an Initiate of Okawaru.
             Slain by a killer bee (6 damage)
             ... on level 4 of the Dungeon on June 8, 2020.
             The game lasted 00:06:59 (2993 turns).

Ozzies the Skirmisher (Gargoyle Fighter)            Turns: 2993, Time: 00:06:59

Health: 0/35       AC: 14    Str: 21    XL:     5   Next: 94%
Magic:  5/5        EV:  7    Int: 14    God:    Okawaru [......]
Gold:   233        SH: 14    Dex:  9    Spells: 4/4 levels left

rFire    . . .     SeeInvis .   a - +0 flail
rCold    . . .     Gourm    .   c - +0 kite shield
rNeg     + . .     Faith    .   b - +0 scale mail
rPois    ∞         Spirit   .   (no helmet)
rElec    +         Reflect  +   (no cloak)
rCorr    .         Harm     .   s - +1 pair of gloves
MR       .....                  i - +0 pair of boots
Stlth    ..........             k - amulet of reflection
HPRegen  0.11/turn              g - +6 ring of intelligence
MPRegen  0.09/turn              (no ring)

@: mighty
A: negative energy resistance 1, electricity resistance, unbreathing,
petrification resistance, rot immunity, AC +4
a: Renounce Religion


You were on level 4 of the Dungeon.
You worshipped Okawaru.
Okawaru was noncommittal.
You were not hungry.

You visited 1 branch of the dungeon, and saw 4 of its levels.

You collected 233 gold pieces.

Inventory:

Hand Weapons
 a - a +0 flail (weapon)
Armour
 b - a +0 scale mail (worn)
 c - a +0 kite shield (worn)
 i - a +0 pair of boots (worn)
 s - a +1 pair of gloves (worn)
Jewellery
 g - a +6 ring of intelligence (left hand)
 k - an amulet of reflection (around neck)
Scrolls
 e - 3 scrolls of magic mapping {unknown}
 m - 9 scrolls of identify {unknown}
 o - 2 scrolls of enchant armour {unknown}
 p - a scroll of random uselessness {unknown}
 r - a scroll of fear {unknown}
 u - a scroll of teleportation {unknown}
 v - 2 scrolls of remove curse {unknown}
 w - a scroll of amnesia {unknown}
Potions
 h - a potion of curing
 j - 2 potions of experience {unknown}
 l - a potion of lignification {unknown}
 n - a potion of brilliance {unknown}
 q - 3 potions of magic
 t - a potion of flight {unknown}
Comestibles
 f - 9 rations


   Skills:
 * Level 5.4 Fighting
 + Level 3.3 Maces & Flails
 - Level 4.0 Armour
 - Level 4.0 Shields


You had 4 spell levels left.
You didn't know any spells.
Your spell library was empty.

Dungeon Overview and Level Annotations

Branches:
Dungeon (4/15)
 Temple: D:4-7

Altars:
Gozag
Makhleb
Nemelex Xobeh
Okawaru
Sif Muna


Innate Abilities, Weirdness & Mutations

You are resistant to torment.
Your stone body is resilient. (AC +4)
You are immune to poison.
You resist negative energy. (rN+)
You are resistant to electric shocks. (rElec)
You can survive without breathing.
You are immune to petrification.
You are immune to rotting.


Message History

The killer bee stings you but does no damage.
The killer bee closely misses you.
You closely miss the killer bee. The killer bee barely misses you.
You block the killer bee's attack.
You miss the killer bee. You block the killer bee's attack. x2
The killer bee stings you.
* * * LOW HITPOINT WARNING * * *
You miss the killer bee. You block the killer bee's attack. x2
You miss the killer bee. You block the killer bee's attack. x2
The killer bee stings you.
* * * LOW HITPOINT WARNING * * *
You miss the killer bee. The killer bee closely misses you.
The killer bee stings you.
* * * LOW HITPOINT WARNING * * *
The killer bee stings you but does no damage.
You feel better.
The killer bee stings you but does no damage. x2
It was a potion of magic.
Magic courses through your body. You block the killer bee's attack.
The killer bee stings you.
You die...

#..#
#......#.#..
#gK#
#.####...##.
#########.#
#.#####
#.........#
#.## #
#.######..#
#..# #.#.#
##.# ##.##
#...# #.#
#...# ###.#
#.# #...#
#@#
#.####...###
#y#
#.##.......#
###y#
###.........
##.#y#
#....≈≈≈...
#..yy#
##...≈≈≈≈≈..
##.###
#...≈≈o..≈≈.
#y#
#...≈≈.>.≈≈.
#.#
#...≈≈...≈≈.
#y#
##...≈≈≈≈≈..


You could see 5 killer bees.

Vanquished Creatures
  A hound (D:2)
  A bullfrog skeleton (D:4)
  3 gnolls (D:4)
  4 adders
  4 worms
  A dart slug (D:1)
  6 orcs (D:3)
  4 giant cockroaches
  10 goblins
  9 hobgoblins
  2 quokkas
  4 ball pythons
  A ball python skeleton (D:4)
  9 bats
  4 frilled lizards
  8 kobolds
  10 rats
81 creatures vanquished.

Vanquished Creatures (others)
  A kobold (D:3)
1 creature vanquished.

Grand Total: 82 creatures vanquished

Notes
Turn   | Place    | Note
-------+----------+-------------------------------------------
     0 | D:1      | Ozzies the Gargoyle Fighter began the quest for the Orb.
     0 | D:1      | Reached XP level 1. HP: 14/14 MP: 1/1
   166 | D:1      | Reached XP level 2. HP: 16/19 MP: 2/2
   592 | D:1      | Reached XP level 3. HP: 24/24 MP: 3/3
  1138 | D:2      | Reached skill level 4 in Fighting
  1183 | D:2      | Reached XP level 4. HP: 28/29 MP: 4/4
  1308 | D:2      | Found a burning altar of Makhleb.
  1595 | D:2      | Found a sparkling altar of Nemelex Xobeh.
  1596 | D:2      | Found an opulent altar of Gozag.
  1995 | D:3      | Reached XP level 5. HP: 32/34 MP: 5/5
  2546 | D:4      | Reached skill level 5 in Fighting
  2740 | D:4      | Found an iron altar of Okawaru.
  2771 | D:4      | Became a worshipper of Warmaster Okawaru
  2815 | D:4      | Found a shimmering blue altar of Sif Muna.
  2991 | D:4      | HP: 1/35 [killer bee (5)]
  2993 | D:4      | Slain by a killer bee

Illustrated notes

Levels and vault maps discovered:
D:1:      saegor_arrival_miasma, layout_loops_ring, chequers_avenue
D:2:      layout_basic, grunt_temple_overflow_opulence,
          makhleb_blood_cavern_becter, minmay_tetromino_o4
D:3:      layout_rooms, minivault_27
D:4:      layout_loops_ring, tgw_sif, okawaru_trees_2,
          nicolae_overflow_hidden_temple, serial_forest,
          infiniplex_forest_clump_long, infiniplex_forest_lined_3,
          infiniplex_forest_join, infiniplex_forest_fountain,
          infiniplex_forest_lined_3_way, first_ration, grunt_ministairs_3,
          chequers_serial_rivers_marsh, corexii_checkpoint_a,
          hangedman_decor_opposing, patterned_corridor

Skill      XL: |  1  2  3  4  5 |
---------------+----------------+-----
Fighting       | 4 5 |  5.4
Armour         | 4 |  4.0
Shields        | 4 |  4.0
Maces & Flails | 3 |  3.3

Action                   |  1- 3 |  4- 6 || total
-------------------------+-------+-------++-------
Melee: Flail             |   132 |   213 ||   345
  Use: Potion            |       |     5 ||     5
  Eat: Chunk             |     1 |     6 ||     7
Armor: Scale mail        |    57 |   123 ||   180
Dodge: Dodged            |    52 |    77 ||   129
Block: Kite shield       |   103 |   270 ||   373
       Reflection        |       |    11 ||    11

Table legend:
 A = Non-vault XP
 B = Vault XP
 C = Vault XP percentage of total XP
 D = Non-vault monster count
 E = Vault monster count
 F = Vault count percentage of total count
                 A         B        C        D         E       F
            +---------+---------+-------+---------+---------+-------
      Total |     262 |      49 |  15.8 |      77 |       4 |   4.9
            +---------+---------+-------+---------+---------+-------
        D:1 |      39 |       0 |   0.0 |      25 |       0 |   0.0
        D:2 |      46 |      49 |  51.6 |      16 |       4 |  20.0
        D:3 |      82 |       0 |   0.0 |      30 |       0 |   0.0
        D:4 |      95 |       0 |   0.0 |       6 |       0 |   0.0
            +---------+---------+-------+---------+---------+-------
